woodfighter, neutral female human Healer ------------ ----------- ---- |...........######### |.........| #-..| |..........| # --------- |.........| ###|..| |..........| ###------#######....)...| #....^.....| # |..| |...........## ##......# |.......| #|.........| ### --.- |..........| # |.<..|# B....)...| #--------.-- # # -------....| ######## .....|# @|...)...| ## # ### # ------ # |....|# f-------.- # # # # # ### ------# # # # # # # # ################ # # # -|------# # ### ### # # # # |..>...|# # # # # ## # |......|# # ## ### # ---.----# |.......# # ---------|--# ----- # |......-# |......| ## |..........|# |.... # |......| -------- -|-- |.>.........# |....|# |......| |..| |..........| |.....# -------- |!!| ------------ ------ ---- woodfighter the Empiric Experience level: 3 Strength: 8 Dexterity: 9 Constitution: 15 Intelligence: 11 Wisdom: 16 Charisma: 16 Health: 0(30) Energy: 21(21) Def: 2 Gold: 2311 Moves: 1621 Dungeon seed: mHRrZfNY0vlg-Vqi Game ID: woodfighter_1504126036 Your Inventory: Coins $ - 2311 gold pieces Weapons a - a blessed +0 scalpel (weapon in hand) Armor e - a blessed +1 pair of leather gloves (being worn) Comestibles k - 7 blessed eucalyptus leaves l - 2 blessed sprigs of wolfsbane m - 3 blessed cloves of garlic o - 6 uncursed apples A - 2 uncursed sprigs of wolfsbane Scrolls q - a blessed scroll of destroy armor s - an uncursed scroll of enchant weapon t - an uncursed scroll of scare monster Spellbooks h - a blessed spellbook of healing i - a blessed spellbook of extra healing j - a blessed spellbook of stone to flesh Potions c - 3 uncursed potions of healing d - a blessed potion of healing f - 4 uncursed potions of extra healing z - an uncursed potion of gain ability Wands g - a blessed wand of sleep (0:5) Tools b - an uncursed stethoscope Spells and supernatural/magical abilities: Name Level Category Fail Memory h - healing 1 healing 0% 92% x - extra healing 3 healing 20% 92% S - stone to flesh 3 healing 35% 92% W - pray for help -- divine ? -- Your skills at the end: Miscellaneous Skills wands [Basic] Weapon Skills knife [Basic] Spellcasting Skills healing spells [Basic] Final Attributes: You were devoutly aligned. You were poison resistant. You were very stealthy. You are dead. Vanquished creatures: 2 coyotes a hobbit a large kobold 3 geckos a hobgoblin 2 giant rats a gnome zombie 2 jackals a newt 2 goblins 2 grid bugs 4 lichens 2 kobold zombies 24 creatures vanquished. Voluntary challenges: You did not adorn yourself with jewelry or accessories. You did not cause conflict. You were not invisible. You did not have reflection. You were not displaced. You were an atheist. You used a wielded weapon 46 times, starting on turn 117. You did not use containers. You did not apply a unicorn horn. You did not use plumbed fixtures. You did not drink any magical draughts. You were illiterate. You never genocided any monsters. You never polymorphed an object. You never changed form. You used no wishes. You never split a pudding. You never wrote Elbereth's name. You never violated your personal moral code. Dungeon overview: The Dungeons of Doom: levels 1 to 5 Level 1 (box) a long staircase Level 2 some fountains Level 3 a delicatessen Level 4 <- You were here a potion shop stairs to The Gnomish Mines Level 5 The Gnomish Mines: Level 5 stairs to The Dungeons of Doom History has recorded: On T:1 you entered the Dungeons of Doom to retrieve the Amulet of Yendor! On T:297 you reached level 2 of The Dungeons of Doom. On T:327 you reached level 3 of The Dungeons of Doom. On T:625 you advanced to experience level 2. On T:741 you reached level 4 of The Dungeons of Doom. On T:1210 you advanced to experience level 3. On T:1304 you reached level 5 of The Dungeons of Doom. On T:1429 you reached level 1 of The Gnomish Mines. Score breakdown: Gold: 427 ( 42 points) Experience: 3 levels ( 200 points) Exploration: 5 levels ( 120 points) Discoveries: 4 items ( 200 points) Variety of kills: 13 monsters ( 650 points) Major goal: (nothing yet) ( 0 points) Survival: died (score multiplied by 3) Total score: 3636 Latest messages: The hobgoblin misses kitty. You hack the hobgoblin. The hobgoblin is heavily wounded. The hobgoblin thrusts his crude dagger at you. The hobgoblin stabs you! Kitty bites the hobgoblin. The hobgoblin is killed! There are a few objects here. (2x) You hear some noises in the distance. You stop. Kitty is in the way! You hear some noises. You are beginning to feel hungry. You stop exploring. That food really hit the spot! You finish eating the food ration. You displace kitty. You stop exploring. The giant bat bites! You slash the giant bat. The giant bat is moderately wounded. The giant bat bites! You stop exploring. The giant bat bites! You stop exploring. The giant bat bites! (2x) You die... Final status: Goodbye woodfighter the Healer, killed by a giant bat... You died in The Dungeons of Doom on dungeon level 4 with 3636 points, and 2311 pieces of gold, after 1621 moves. You were level 3 with a maximum of 30 hit points when you died.